 Dungeon Crawl Stone Soup version 0.32-a0-779-g362cfcae2a (webtiles) character file.

Game seed: 18427773357874004595

171052 KSaturn the Eclecticist (level 18, -16/106 HPs)
             Began as a Tengu Conjurer on Mar 13, 2024.
             Was the Champion of Vehumet.
             Shot with an arrow by a naga sharpshooter (25 damage)
             ... on level 4 of the Snake Pit on Mar 20, 2024.
             The game lasted 04:06:34 (30471 turns).

KSaturn the Eclecticist (Tengu Conjurer)           Turns: 30471, Time: 04:06:35

Health: -16/106    AC: 19    Str: 11    XL:     18   Next: 0%
Magic:  1/49       EV: 18    Int: 29    God:    Vehumet [******]
Gold:   1256       SH:  0    Dex: 17    Spells: 4/52 levels left

rFire   + + +        a - staff of conjuration
rCold   x . .        h - orb "Ockesu" {*Rage, rElec rF+ rN+}
rNeg    + + +        S - +2 ring mail of the Barber Surgeon {Harm Str+3 Stlth+}
rPois   .            v - +2 hat {Stlth+}
rElec   +            i - +2 cloak
rCorr   .            f - +4 pair of gloves of Yrphijokh {*Slow rF++ rC- rN+++}
SInv    .            (boots unavailable)
Will    ++...        (no amulet)
Stlth   ++++         A - ring of magical power
HPRegen 0.37/turn    q - ring "Loskur" {Will+ Int+4 Dex+3}
MPRegen 0.31/turn

%: random rage (20%), slow self (1%), harm (+30% outgoing, +20% incoming),
acrobat
@: flying, slowed, studying Spellcasting, very slow
A: beak, talons 3, evasive flight, acrobatic
a: Renounce Religion


You were on level 4 of the Snake Pit.
You worshipped Vehumet.
Vehumet was exalted by your worship.
You visited 5 branches of the dungeon, and saw 26 of its levels.
You also visited: Ossuary and Gauntlet.

You collected 2581 gold pieces.
You spent 1325 gold pieces at shops.

Inventory:

Hand Weapons
 b - a +5 arbalest of freezing
 c - the +7 captain's cutlass {speed, disarm}
   (You found it on level 2 of the Dungeon)
Armour
 f - the +4 pair of gloves of Yrphijokh (worn) {*Slow rF++ rC- rN+++}
   (You found it on level 14 of the Dungeon)

   rF++:      It greatly protects you from fire.
   rC-:       It makes you vulnerable to cold.
   rN+++:     It renders you almost immune to negative energy.
   *Slow:     It may slow you when you take damage.
 h - the orb "Ockesu" (worn) {*Rage, rElec rF+ rN+}
   (You acquired it on level 10 of the Dungeon)

   rF+:       It protects you from fire.
   rElec:     It insulates you from electricity.
   rN+:       It protects you from negative energy.
 i - a +2 cloak (worn)
 v - a +2 hat of stealth (worn)
 S - the +2 ring mail of the Barber Surgeon (worn) {Harm Str+3 Stlth+}
   (You found it on level 7 of the Dungeon)

   Str+3:     It affects your strength (+3).
   Harm:      It increases damage dealt and taken.
   Stlth+:    It makes you more stealthy.
Magical Staves
 a - a staff of conjuration (weapon)
 U - a staff of cold
Jewellery
 e - a +4 ring of protection
 k - a ring of fire
 q - the ring "Loskur" (right hand) {Will+ Int+4 Dex+3}
   (You found it in a Gauntlet)

   [ring of willpower]

   Int+4:     It affects your intelligence (+4).
   Dex+3:     It affects your dexterity (+3).
   Will+:     It increases your willpower.
 A - a ring of magical power (left hand)
 V - a ring of wizardry
Wands
 d - a wand of digging (10)
 p - a wand of roots (25)
 y - a wand of mindburst (24)
 P - a wand of paralysis (16)
Scrolls
 l - 4 scrolls of fear
 n - a scroll of acquirement
 r - 3 scrolls of identify
 x - 9 scrolls of fog
 C - 4 scrolls of immolation
 E - 9 scrolls of revelation
 F - a scroll of enchant armour
 H - 2 scrolls of poison
 J - 3 scrolls of brand weapon
 K - a scroll of butterflies
 M - a scroll of enchant weapon
 N - 5 scrolls of teleportation
 O - 4 scrolls of blinking
 X - 3 scrolls of silence
 Y - a scroll of vulnerability {unknown}
Potions
 g - 9 potions of curing
 j - 3 potions of enlightenment
 m - 3 potions of ambrosia
 o - 5 potions of lignification
 s - 5 potions of invisibility
 u - 3 potions of haste
 B - 3 potions of heal wounds
 D - a potion of cancellation
 G - a potion of attraction
 I - a potion of magic
 L - 4 potions of brilliance
 R - 3 potions of might
 W - a potion of resistance
Miscellaneous
 t - a tin of tremorstones (2/2)
 w - a phial of floods
 z - a lightning rod (4/4)
 Q - a sack of spiders
 T - a phantom mirror


   Skills:
 + Level 9.4 Fighting
 - Level 8.0 Armour
 - Level 10.4 Dodging
 - Level 3.0 Stealth
 * Level 17.8 Spellcasting
 + Level 17.5 Conjurations
 - Level 2.0 Hexes
 - Level 3.0 Translocations
 - Level 7.0 Fire Magic
 - Level 3.0 Ice Magic
 - Level 16.6 Air Magic
 + Level 6.7 Alchemy
 - Level 8.0 Evocations


You had 4 spell levels left.
You knew the following spells:

 Your Spells              Type           Power      Damage    Failure   Level
a - Fulminant Prism       Conj/Alch      49%        3d20      1%          4
b - Iskenderun's Mystic   Conj/Tloc      91%        2d18      1%          4
c - Mephitic Cloud        Conj/Alch/Air  100%       N/A       1%          3
d - Plasma Beam           Fire/Air       38%        2x1d51    1%          6
e - Starburst             Conj/Fire      49%        6d13      1%          6
f - Orb of Destruction    Conj           56%        9d14      1%          7
g - Conjure Ball Lightni  Conj/Air       56%        3x3d20    1%          6
h - Yara's Violent Unrav  Hex/Alch       25%        3d11      4%          5
v - Freezing Cloud        Conj/Ice/Air   49%        6-21      1%          5
x - Searing Ray           Conj           100%       2d8       0%          2

Your spell library contained the following spells:

 Spells                   Type           Power      Damage    Failure   Level
 Spellforged Servitor     Conj/Summ      43%        N/A       21%         7
 Magic Dart               Conj           100%       1d8       0%          1
 Sandblast                Erth           50%        2d12      1%          1
 Slow                     Hex            100%       N/A       1%          1
 Mercury Vapours          Alch/Air       100%       N/A       1%          2
 Inner Flame              Hex/Fire       51%        N/A       1%          3
 Stone Arrow              Conj/Erth      100%       3d13      1%          3
 Volatile Blastmotes      Fire/Tloc      100%       2d18      1%          3
 Brom's Barrelling Bould  Conj/Erth      86%        2d10      1%          4
 Flame Wave               Conj/Fire      98%        2d20      1%          4
 Ignite Poison            Fire/Alch      60%        N/A       1%          4
 Olgreb's Toxic Radiance  Alch           60%        N/A       1%          4
 Sticky Flame             Fire/Alch      60%        2d10      1%          4
 Vhi's Electric Charge    Tloc/Air       100%       N/A       1%          4
 Confusing Touch          Hex            37%        N/A       4%          3
 Sigil of Binding         Hex            37%        N/A       4%          3
 Call Canine Familiar     Summ           25%        N/A       11%         3
 Passwall                 Erth           25%        N/A       11%         3
 Vampiric Draining        Necr           25%        2d7       11%         3
 Dimensional Bullseye     Hex/Tloc       20%        N/A       12%         4
 Cause Fear               Hex            18%        N/A       16%         4
 Anguish                  Hex/Necr       15%        N/A       22%         4
 Arcjolt                  Conj/Air       56%        1d66      1%          5
 Bombard                  Conj/Erth      43%        9d7       4%          6
 Ozocubu's Refrigeration  Ice            21%        4d12      88%         7
 Ignition                 Fire           30%        3d10      95%         8
 Enfeeble                 Hex            18%        N/A       100%        7
 Discord                  Hex            18%        N/A       100%        8


Dungeon Overview and Level Annotations

Branches:
Dungeon (14/15)            Temple (1/1) D:4            Lair (5/5) D:10
  Swamp (0/4) Lair:3        Snake (4/4) Lair:3        Slime (0/5) Lair:5
    Orc (2/2) D:12            Elf (0/3) Orc:2        Vaults (0/5) D:13
Ossuary (visited)         Gauntlet (visited)

Altars:
Ashenzari
Cheibriados
Dithmenos
Elyvilon
Fedhas
Gozag
Hepliaklqana
Kikubaaqudgha
Makhleb
Nemelex Xobeh
Okawaru
Qazlal
Ru
Sif Muna
Trog
Uskayaw
Vehumet
Wu Jian
Xom
Yredelemnul
Zin
The Shining One
Beogh
Jiyva

Shops:
D:6 (   Orc:2 ?*(?   Snake:2 (

Annotations:
D:8 exclusion: downstairs
D:11 exclusion: downstairs


Innate Abilities, Weirdness & Mutations

You have a beak for a mouth.
You have claws for feet.
Your magical flight helps you evade attacks. (EV +4)
You can magically evade attacks while moving or waiting.


Message History

You feel sick.
The nagaraja is engulfed in freezing vapours.
The nagaraja spits poison at you. The splash of poison misses you.
A naga mage comes into view. It is wielding a +0 whip.
You feel sick.
You are no longer poisoned.
The naga sharpshooter shouts!
The nagaraja is engulfed in freezing vapours.
The naga sharpshooter casts a spell.
The naga sharpshooter magically shoots an arrow.
The arrow hits you!
* * * LOW HITPOINT WARNING * * *
The naga mage gestures at the naga sharpshooter while chanting.
The naga sharpshooter's venom grows more potent.
You feel much better.
The naga sharpshooter casts a spell.
The naga sharpshooter magically shoots an arrow.
The arrow misses you.
Casting: Iskenderun's Mystic Blast (safe; 1% risk of failure)
Confirm with . or Enter, or press ? or * to list all spells.
Aiming: Yara's Violent Unravelling (dangerous; 4% risk of failure)
Press: ? - help, Dir - move target, f - nagaraja
Aim: a nagaraja, wielding a +0 hand axe, wearing a +0 robe and wearing a ring of willpower (lightly wounded, fast, catching its breath)
The nagaraja's magical effects unravel!
The enchantments explode!
The nagaraja twists and deforms.
The unravelling engulfs the nagaraja!
The nagaraja is moderately wounded.
The naga sharpshooter spits poison at you.
The splash of poison hits you!
You are lethally poisoned!
You have difficulty breathing.
* * * LOW HITPOINT WARNING * * *
You feel yourself slow down.
* * * LOW HITPOINT WARNING * * *
The naga mage spits poison at you. The splash of poison misses you.
You feel better.
You are no longer firmly anchored in space.
The naga sharpshooter shoots an arrow.
The arrow hits you!!
You die...

.#...###^###. .<...###.....
............. ..........##.#
...##.#.# ..##.##..§...#
........#.# ..##....)[§§.
.........### ####......)§.####
#...#....#.. #........)).)###
#.).#...)#.. ####...###.##.N.@.##
#...# #..... ...##
#.##.).#NN###§.†# #..)†. ...#
#..######....§§(####.#.. ...##
#..#####...#.....)..##.
#...########.....§§...†§...N..#..
........).......##§..########....
....#####§)÷.#...)§§.....# #....
....#####).####......###.....)...
)).....)..$...).).#### ###.####


You could see a nagaraja (misshapen), a naga sharpshooter (curare, catching
breath) and a naga mage (catching breath).

Vanquished Creatures
  Vashnia (Snake:2)
  Kirke (D:14)
  The ghost of Siosed the Arsonist, an adept DgFE (Snake:1)
  Aizul (Snake:2)
  5 nagarajas
  An ironbound preserver (D:13)
  Nessos (Lair:3)
  An eleionoma (Lair:3)
  A minotaur (Gauntlet)
  Snorg (D:13)
  Josephine (Orc:1)
  2 ice dragons (Lair:5)
  2 salamander tyrants (Snake:4)
  12 anacondas
  6 hydras
  2 centaur warriors
  5 two-headed ogres
  A tengu warrior (D:13)
  2 boulder beetles
  7 death yaks
  14 shock serpents
  Urug (Orc:1)
  13 naga warriors
  4 orc high priests
  11 naga sharpshooters
  Nergalle (Orc:1)
  2 skysharks
  3 salamander mystics (Snake:4)
  11 mana vipers
  4 orc knights (Orc:2)
  6 naga ritualists
  A lindwurm (Lair:5)
  A swamp dragon (Lair:5)
  4 oklob plants
  Pikel (D:5)
  A shining eye (Gauntlet)
  13 ugly things
  7 orc sorcerers
  A necromancer (Gauntlet)
  15 salamanders
  7 cyclopes
  Maurice (Orc:2)
  3 kobold blastminers (Orc:2)
  10 guardian serpents
  11 elephants
  4 manticores
  A moth of wrath (Snake:1)
  16 naga magi
  28 black mambas
  Joseph (D:9)
  7 torpor snails
  9 cane toads
  3 unseen horrors
  24 komodo dragons
  Jeremiah (D:9)
  A kobold demonologist (D:12)
  4 rime drakes
  2 tengu conjurers (D:14)
  3 polar bears
  6 trolls
  4 tyrant leeches (Lair:5)
  A raiju (Gauntlet)
  7 hornets (Lair:5)
  2 glass eyes (Gauntlet)
  15 blink frogs
  5 dream sheep (Lair:4)
  Sigmund (D:3)
  10 slime creatures
  2 vampires (D:12)
  A centaur simulacrum (D:14)
  A shadow (D:13)
  7 wyverns
  5 wraiths
  59 yaks
  5 steam dragons
  2 hogs (D:14)
  4 basilisks
  14 vampire mosquitoes
  49 nagas
  An acid dragon (Lair:5)
  15 water moccasins
  14 orc warriors
  3 swamp drakes (Lair:5)
  An ice beast (D:8)
  3 sky beasts (D:8)
  4 black bears
  2 laughing skulls (D:14)
  8 ogres
  8 centaurs
  20 wolves
  2 lemures (D:7)
  5 kobold brigands
  14 bullfrogs
  A scorpion (D:6)
  11 wights
  An electric eel (Lair:3)
  7 howler monkeys
  2 bombardier beetles
  13 orc priests
  3 hounds
  A gnoll bouda (D:7)
  4 iguanas
  22 orc wizards
  8 mummies (Ossuary)
  11 gnolls
  5 adders
  A white imp (D:6)
  6 ufetubi
  A dart slug (D:1)
  2 ribbon worms (D:4)
  64 orcs
  4 ball pythons
  3 endoplasms
  11 giant cockroaches (D:3)
  A gnoll zombie (Ossuary)
  4 goblins
  5 hobgoblins
  26 kobolds
  2 quokkas
  3 bats
  2 frilled lizards
  4 kobold zombies (Ossuary)
  3 orc zombies (Ossuary)
  3 rats
  A fulminant prism (Gauntlet)
839 creatures vanquished.

Vanquished Creatures (others)
  An orc wizard (Orc:2)
  84 ball lightnings
  131 fulminant prisms
216 creatures vanquished.

Grand Total: 1055 creatures vanquished

Notes
Turn   | Place    | Note
-------+----------+-------------------------------------------
     0 | D:1      | KSaturn the Tengu Conjurer began the quest for the Orb.
     0 | D:1      | Reached XP level 1. HP: 10/10 MP: 4/4
     2 | D:1      | Noticed an armataur
     2 | D:1      | Noticed a ghoul
     4 | D:1      | Noticed an octopode
     4 | D:1      | Noticed a formicid
     6 | D:1      | Noticed a demonspawn
     6 | D:1      | Noticed a felid
     9 | D:1      | Noticed a spriggan
     9 | D:1      | Noticed a gargoyle
    11 | D:1      | Noticed a demigod
    11 | D:1      | Noticed a human
    13 | D:1      | Noticed a vine stalker
    13 | D:1      | Noticed a djinni
    15 | D:1      | Noticed a troll
    15 | D:1      | Noticed an oni
    17 | D:1      | Noticed a minotaur
    17 | D:1      | Noticed a vampire
    19 | D:1      | Noticed a barachi
    21 | D:1      | Noticed a draconian
    21 | D:1      | Noticed an elf
    23 | D:1      | Noticed a dwarf
    25 | D:1      | Noticed a merfolk
    27 | D:1      | Noticed a tengu
    27 | D:1      | Noticed a naga
   198 | D:1      | Reached XP level 2. HP: 15/15 MP: 3/6
   229 | D:1      | Learned a level 2 spell: Searing Ray
   825 | D:2      | Found the +7 captain's cutlass {speed, disarm}
  1314 | D:2      | You fall into a shaft and drop 2 floors!
  1314 | D:4      | Found a sand-covered staircase.
  1319 | Ossuary  | Entered an ossuary
  1346 | Ossuary  | Reached XP level 3. HP: 19/19 MP: 1/7
  1536 | Ossuary  | Reached XP level 4. HP: 24/24 MP: 1/8
  1792 | Ossuary  | Reached XP level 5. HP: 28/28 MP: 3/10
  1895 | Ossuary  | Learned a level 4 spell: Fulminant Prism
  2026 | D:5      | Entered Level 5 of the Dungeon
  2033 | D:5      | Noticed an ogre
  2049 | D:5      | Killed an ogre
  2152 | D:3      | Noticed an ogre
  2159 | D:3      | Killed an ogre
  2160 | D:3      | Reached skill level 1 in Alchemy
  2160 | D:3      | Reached XP level 6. HP: 32/32 MP: 1/11
  2397 | D:3      | Learned a level 4 spell: Iskenderun's Mystic Blast
  2728 | D:3      | Gained mutation: Your magical flight helps you evade
                  | attacks. (EV +4) [Tengu growth]
  2728 | D:3      | Reached XP level 7. HP: 29/36 MP: 2/13
  2914 | D:3      | Found a sacrificial altar of Ru.
  3223 | D:3      | Noticed Sigmund
  3233 | D:3      | Killed Sigmund
  3234 | D:3      | Reached skill level 1 in Translocations
  3234 | D:3      | Reached skill level 1 in Evocations
  3500 | D:4      | Found a blossoming altar of Fedhas.
  3517 | D:4      | Reached skill level 1 in Fighting
  3643 | D:4      | Found a bloodstained altar of Trog.
  3696 | D:4      | Identified the +0 robe "Liumyhoc" {Regen+ Str+2}
  3801 | D:4      | Found a staircase to the Ecumenical Temple.
  3815 | Temple   | Entered the Ecumenical Temple
  3866 | Temple   | Became a worshipper of Vehumet
  3946 | D:4      | Found a shimmering blue altar of Sif Muna.
  4173 | D:4      | Reached XP level 8. HP: 43/43 MP: 6/15
  4849 | D:5      | Noticed a wyvern
  4854 | D:5      | Killed a wyvern
  5250 | D:6      | Reached * piety under Vehumet
  5250 | D:6      | Offered knowledge of Shock by Vehumet.
  5288 | D:6      | Found Datwad's Weapon Shop.
  5408 | D:6      | Reached skill level 5 in Dodging
  5744 | D:7      | Noticed Pikel
  5747 | D:7      | Reached XP level 9. HP: 49/49 MP: 7/16
  5751 | D:7      | Reached skill level 10 in Conjurations
  5763 | D:5      | Killed Pikel
  5964 | D:7      | Identified the +2 ring mail of the Barber Surgeon {Harm
                  | Str+3 Stlth+}
  5971 | D:7      | Reached ** piety under Vehumet
  5976 | D:7      | Offered knowledge of Mercury Vapours by Vehumet.
  5986 | D:7      | Found a basalt altar of Yredelemnul.
  6189 | D:7      | Found an iron altar of Okawaru.
  6194 | D:7      | Found a glowing silver altar of Zin.
  6255 | D:7      | Found an ancient bone altar of Kikubaaqudgha.
  6654 | D:8      | Learned a level 3 spell: Mephitic Cloud
  6726 | D:8      | Reached skill level 1 in Air Magic
  6855 | D:8      | Reached XP level 10. HP: 58/58 MP: 9/17
  7118 | D:8      | Reached skill level 5 in Fighting
  7189 | D:8      | Found an ornate altar of the Wu Jian Council.
  7475 | D:9      | Noticed Joseph
  7606 | D:9      | Reached skill level 1 in Ice Magic
  7753 | D:9      | Noticed Jeremiah
  7765 | D:9      | Killed Jeremiah
  8059 | D:9      | Offered knowledge of Frozen Ramparts by Vehumet.
  8168 | D:10     | Entered Level 10 of the Dungeon
  8319 | D:9      | Killed Joseph
  8719 | D:10     | Reached skill level 5 in Air Magic
  8738 | D:10     | Reached skill level 5 in Spellcasting
  8787 | D:10     | Reached *** piety under Vehumet
  8788 | D:10     | Reached XP level 11. HP: 63/63 MP: 13/19
  8890 | D:10     | Found a staircase to the Lair.
  9453 | D:11     | Found a gate leading to a gauntlet.
  9486 | Gauntlet | Entered a Gauntlet
  9486 | Gauntlet | Noticed a death scarab
  9486 | Gauntlet | Found a transporter.
  9486 | Gauntlet | Found a transporter.
  9494 | Gauntlet | Found a transporter.
  9498 | Gauntlet | Found a transporter.
  9507 | Gauntlet | Found a transporter.
  9510 | Gauntlet | Found a transporter.
  9512 | Gauntlet | Noticed a death yak
  9512 | Gauntlet | Noticed a death yak
  9512 | Gauntlet | Noticed a death yak
  9513 | Gauntlet | Noticed a death yak
  9513 | Gauntlet | Noticed a death yak
  9515 | Gauntlet | Noticed a necromancer
  9522 | Gauntlet | Found a transporter.
  9527 | Gauntlet | Found a runed translucent door.
  9531 | Gauntlet | Found a transporter.
  9548 | Gauntlet | Found a transporter.
  9552 | Gauntlet | Found a transporter.
  9554 | Gauntlet | Noticed a shining eye
  9560 | Gauntlet | Found a transporter.
  9564 | Gauntlet | Found a transporter.
  9567 | Gauntlet | Noticed a spectral death yak
  9616 | Gauntlet | Offered knowledge of Inner Flame by Vehumet.
  9623 | Gauntlet | Learned a level 5 spell: Freezing Cloud
  9633 | Gauntlet | Identified the ring "Loskur" {Will+ Int+4 Dex+3}
  9735 | Gauntlet | Killed a shining eye
  9888 | Gauntlet | Killed a death yak
  9889 | Gauntlet | Killed a death yak
  9894 | Gauntlet | Killed a death yak
  9898 | Gauntlet | Killed a death yak
  9906 | Gauntlet | Killed a necromancer
 10051 | Gauntlet | Killed a death yak
 10120 | Gauntlet | Noticed a minotaur
 10137 | Gauntlet | Killed a minotaur
 10138 | Gauntlet | Reached XP level 12. HP: 38/68 MP: 12/23
 10874 | D:11     | Found a shadowy altar of Dithmenos.
 10891 | D:11     | Reached **** piety under Vehumet
 10892 | D:11     | Reached skill level 15 in Conjurations
 10892 | D:11     | Reached skill level 5 in Evocations
 11084 | D:12     | Noticed a two-headed ogre
 11339 | D:12     | Offered knowledge of Volatile Blastmotes by Vehumet.
 11434 | D:12     | Reached skill level 1 in Fire Magic
 12088 | D:12     | Noticed a boulder beetle
 12090 | D:12     | Killed a two-headed ogre
 12459 | D:12     | Found a roughly hewn altar of Beogh.
 12459 | D:12     | Found a staircase to the Orcish Mines.
 12465 | D:12     | Reached ***** piety under Vehumet
 12482 | D:12     | Offered knowledge of Irradiate by Vehumet.
 12789 | D:13     | Reached XP level 13. HP: 59/74 MP: 26/26
 12790 | D:13     | Reached skill level 10 in Air Magic
 12809 | D:13     | Noticed Snorg
 12816 | D:13     | Killed Snorg
 12952 | D:13     | Reached skill level 5 in Fire Magic
 12959 | D:13     | Learned a level 6 spell: Plasma Beam
 12991 | D:13     | Noticed an ironbound preserver
 13002 | D:13     | Killed an ironbound preserver
 13082 | D:13     | Found a gate to the Vaults.
 14261 | D:14     | Identified the +4 pair of gloves of Yrphijokh {*Slow rF++
                  | rC- rN+++}
 14293 | D:14     | Noticed Kirke
 14477 | D:14     | Killed Kirke
 14769 | D:14     | Reached skill level 10 in Spellcasting
 14969 | D:14     | Reached XP level 14. HP: 82/82 MP: 29/29
 15359 | Orc:1    | Entered Level 1 of the Orcish Mines
 15359 | Orc:1    | Noticed Josephine
 15362 | Orc:1    | Killed Josephine
 15538 | Orc:2    | Entered Level 2 of the Orcish Mines
 15538 | Orc:2    | Found a staircase to the Elven Halls.
 15544 | Orc:2    | Noticed Maurice
 15550 | Orc:2    | Killed Maurice
 15636 | Orc:2    | Offered knowledge of Starburst by Vehumet.
 16150 | Orc:1    | Noticed Urug
 16155 | Orc:1    | Noticed Nergalle
 16157 | Orc:1    | Killed Urug
 16162 | Orc:1    | Killed Nergalle
 16740 | Orc:2    | Found Hosacad's Weapon Shoppe.
 16740 | Orc:2    | Found Ibafepp's Magic Scroll Boutique.
 16743 | Orc:2    | Found Kubrah's Magic Scroll Shoppe.
 16743 | Orc:2    | Found Feqosh's General Store.
 16771 | Orc:2    | Bought a scroll of acquirement for 520 gold pieces
 16771 | Orc:2    | Bought a scroll of fog for 40 gold pieces
 16774 | Orc:2    | Bought a scroll of fear for 60 gold pieces
 16774 | Orc:2    | Bought a scroll of amnesia for 60 gold pieces
 16774 | Orc:2    | Bought a scroll of poison for 60 gold pieces
 16774 | Orc:2    | Bought a scroll of fog for 60 gold pieces
 16774 | Orc:2    | Bought a scroll of teleportation for 45 gold pieces
 16774 | Orc:2    | Bought a scroll of fog for 60 gold pieces
 16774 | Orc:2    | Bought a scroll of fog for 60 gold pieces
 16777 | Orc:2    | Bought a scroll of silence for 114 gold pieces
 16777 | Orc:2    | Bought a scroll of teleportation for 36 gold pieces
 16777 | Orc:2    | Bought a scroll of identify for 24 gold pieces
 16777 | Orc:2    | Bought a scroll of identify for 24 gold pieces
 16777 | Orc:2    | Bought a scroll of brand weapon for 114 gold pieces
 16779 | Orc:2    | Bought a scroll of fog for 48 gold pieces
 16899 | Orc:2    | Learned a level 6 spell: Starburst
 16899 | Orc:2    | Upgraded the game from 0.32-a0-699-g1ee5eff69a to
                  | 0.32-a0-732-ga344392067
 16986 | D:10     | Acquired the orb "Ockesu" {*Rage, rElec rF+ rN+}
 16997 | Lair:1   | Entered Level 1 of the Lair of Beasts
 18010 | Lair:2   | Offered knowledge of Conjure Ball Lightning by Vehumet.
 18926 | Lair:2   | Reached XP level 15. HP: 88/88 MP: 5/32
 19716 | Lair:3   | Noticed Nessos
 19725 | Lair:3   | Killed Nessos
 19805 | Lair:3   | Found a staircase to the Swamp.
 19977 | Lair:3   | Found a staircase to the Snake Pit.
 20076 | Lair:3   | Learned a level 6 spell: Conjure Ball Lightning
 20779 | Lair:4   | Reached skill level 1 in Armour
 21012 | Lair:4   | Offered knowledge of Fireball by Vehumet.
 21243 | Lair:4   | Identified the +1 helmet of Jonluwn {Dex+4}
 21659 | Lair:5   | Entered Level 5 of the Lair of Beasts
 21931 | Lair:5   | Found a viscous altar of Jiyva.
 21932 | Lair:5   | Found a staircase to the Slime Pits.
 22592 | Lair:5   | Reached XP level 16. HP: 68/93 MP: 25/34
 23278 | Lair:5   | Reached skill level 15 in Air Magic
 23528 | Lair:5   | Offered knowledge of Yara's Violent Unravelling by Vehumet.
 23615 | Lair:5   | Learned a level 5 spell: Yara's Violent Unravelling
 23957 | D:10     | Upgraded the game from 0.32-a0-732-ga344392067 to
                  | 0.32-a0-747-gc8563f6773
 23957 | D:10     | Upgraded the game from 0.32-a0-747-gc8563f6773 to
                  | 0.32-a0-779-g362cfcae2a
 24044 | Snake:1  | Entered Level 1 of the Snake Pit
 24050 | Snake:1  | Reached skill level 5 in Armour
 24149 | Snake:1  | Found a transporter.
 24216 | Snake:1  | Found a transporter.
 24220 | Snake:1  | Noticed Siosed's ghost (adept DgFE)
 24289 | Snake:1  | Identified the ring "Jyroruz" {Fly rF+ Stlth+}
 24377 | Snake:1  | Identified the +1 buckler of Efulun {rPois rF+ rN+ Str+2
                  | Slay-5}
 24455 | Snake:1  | Reached skill level 1 in Hexes
 24684 | Snake:1  | Found a bloodstained altar of Trog.
 24738 | Snake:1  | Killed Siosed's ghost
 25117 | Snake:2  | Reached skill level 10 in Dodging
 25394 | Snake:2  | Identified the serpent talisman of the Baker {Str+2 Int+3}
 25394 | Snake:2  | Noticed Aizul
 25399 | Snake:2  | Killed Aizul
 25410 | Snake:2  | Offered knowledge of Orb of Destruction by Vehumet.
 25747 | Snake:2  | Reached skill level 5 in Alchemy
 25772 | Snake:2  | Noticed a nagaraja
 25776 | Snake:2  | Killed a nagaraja
 25809 | Snake:2  | Reached skill level 15 in Spellcasting
 26174 | Snake:2  | Found Sufas's Weapon Boutique.
 26196 | Snake:2  | Noticed Vashnia
 26201 | Snake:2  | Reached XP level 17. HP: 68/97 MP: 23/37
 26678 | Snake:2  | Killed Vashnia
 26803 | Snake:2  | Learned a level 7 spell: Orb of Destruction
 28197 | Snake:3  | Found a snail-covered altar of Cheibriados.
 28737 | Snake:4  | Entered Level 4 of the Snake Pit
 29039 | Snake:4  | Offered knowledge of Spellforged Servitor by Vehumet.
 29051 | Snake:4  | Reached ****** piety under Vehumet
 29587 | Snake:4  | HP: 2/100 [guardian serpent/bolt of poison (18)]
 30461 | Snake:4  | Reached XP level 18. HP: 20/106 MP: 6/40
 30468 | Snake:4  | HP: 3/106 [naga sharpshooter/arrow (13)]
 30470 | Snake:4  | HP: 1/106 [naga sharpshooter/splash of poison (15)]
 30471 | Snake:4  | Shot with an arrow by a naga sharpshooter

Illustrated notes

Levels and vault maps discovered:
D:1:      kb_arrival_jail, layout_basic, chequers_serial_rivers_micro_b,
          nicolae_twisty_statue_hallways
D:2:      layout_loops_ring
D:3:      minmay_roachtagon, layout_loops_ring, pf_just_have_faith,
          nicolae_the_louvre, uniq_sigmund
D:4:      layout_loops_ring, lemuel_coloured_pillars_altar,
          mainiacjoe_overflow_24_doors, mainiacjoe_overflow_small_starburst,
          minmay_temple_entry_stoned_glass, enter_ossuary_1
D:5:      layout_loops_ring
D:6:      layout_rooms, serial_shops, nicolae_shop_bloodbath_and_beyond
D:7:      layout_rooms, mainiacjoe_overflow_six_doors_small,
          jmf_multi_god_temple2, nicolae_kikubaaqudgha_miasma_corner,
          grunt_ministairs_1, uniq_pikel
D:8:      layout_loops_ring, mainiacjoe_overflow_concentric_impassable
D:9:      layout_big_octagon, uniq_jeremiah, uniq_joseph
D:10:     layout_irregular_city, lair_entry_dummy
D:11:     layout_gridville, gauntlet_entry_generic, st_stairs_1,
          nicolae_dithmenos_shadow_blocks
D:12:     layout_cave_pools, david_orc_5
D:13:     layout_irregular_city, skrybe_vaults_entry_preservation, uniq_snorg
D:14:     layout_basic, uniq_kirke
Temple:   oiseaux_autumnal_temple
Lair:1:   layout_small_grid, serial_bayou_shore_a
Lair:2:   layout_cave_pods, grunt_megastairs_1
Lair:3:   layout_small_grid, alex1729_swamp_entry_worm_eleionoma,
          alex1729_snake_entry_snake, beast_lair_carwin_8,
          infiniplex_staircase_pool, uniq_nessos
Lair:4:   layout_cave_shapes
Lair:5:   wormcave, layout_misc_corridors, guppyfry_lair_end_dragon,
          minmay_slime_entry_oklob_open, nicolae_quartered_pool_medium,
          serial_bayou_shore_b
Snake:1:  cheibrodos_forgotten_conduit, layout_grid_shapes,
          gammafunk_ghost_wrathful_warriors, grunt_ministairs_3
Snake:2:  layout_chambers, serial_shops, shop, grunt_ministairs_13,
          uniq_vashnia, uniq_aizul
Snake:3:  layout_chambers, basic_altar
Snake:4:  johnstein_snake_rune_scales, layout_misc_corridors
Orc:1:    layout_caves, uniq_urug, uniq_nergalle, uniq_josephine
Orc:2:    grunt_orc_tribal_feast, layout_diamond_mine, uniq_maurice

Skill      XL: |  1  2  3  4  5  6  7  8  9 10 11 12 13 14 15 16 17 |
---------------+----------------------------------------------------+-----
Conjurations   | 6 7 8 9 12 13 14 15 16 17 | 17.5
Dodging        | 3 4 5 6 7 8 9 10 | 10.4
Stealth        | 3 |  3.0
Spellcasting   | 3 4 5 6 8 10 12 13 15 17 | 17.8
Alchemy        | 1 2 4 5 6 |  6.7
Translocations | 1 2 3 |  3.0
Evocations     | 1 2 4 5 7 8 |  8.0
Fighting       | 1 2 4 5 6 7 8 9 |  9.4
Air Magic      | 1 5 8 9 11 12 14 16 | 16.6
Ice Magic      | 2 3 |  3.0
Fire Magic     | 4 5 7 |  7.0
Armour         | 4 6 8 |  8.0
Hexes          | 2 |  2.0

Action                     |  1- 3 |  4- 6 |  7- 9 | 10-12 | 13-15 | 16-18 || total
---------------------------+-------+-------+-------+-------+-------+-------++-------
  Melee: Staff             |    23 |     6 |    18 |    19 |     9 |    12 ||    87
         Kick              |     8 |     3 |     5 |     9 |     1 |     6 ||    32
         Peck              |     2 |     1 |     2 |     4 |       |     3 ||    12
         Cutlass           |       |       |     1 |       |       |       ||     1
         Trident           |       |       |       |     4 |       |       ||     4
  Throw: Dart              |       |       |     1 |       |       |       ||     1
   Cast: Magic Dart        |    36 |    31 |    54 |    27 |     9 |       ||   157
         Searing Ray       |     4 |    13 |    32 |    58 |    41 |    23 ||   171
         Fulminant Prism   |       |       |    27 |    69 |    32 |     4 ||   132
         Iskenderun's Myst |       |       |     8 |    14 |    17 |    34 ||    73
         Mephitic Cloud    |       |       |       |    13 |    11 |     1 ||    25
         Freezing Cloud    |       |       |       |    36 |   177 |   193 ||   406
         Plasma Beam       |       |       |       |       |    21 |    12 ||    33
         Starburst         |       |       |       |       |    29 |     9 ||    38
         Conjure Ball Ligh |       |       |       |       |    24 |    17 ||    41
         Yara's Violent Un |       |       |       |       |       |     7 ||     7
         Orb of Destructio |       |       |       |       |       |     3 ||     3
  Evoke: Wand              |       |       |       |       |       |     1 ||     1
    Use: Scroll            |       |       |     7 |     4 |    12 |     9 ||    32
         Potion            |       |       |       |       |     1 |     8 ||     9
   Stab: Sleeping          |       |       |     1 |       |       |       ||     1
         Confused          |       |       |       |     6 |     1 |       ||     7
 Armour: Robe              |     7 |     5 |    33 |       |       |       ||    45
         Ring mail         |       |       |     1 |    48 |    47 |    92 ||   188
  Dodge: Dodged            |    12 |    17 |    79 |    76 |    53 |    93 ||   330

Table legend: (Time is in decaauts)
 A = Elapsed time spent in this place.
 B = Non-inter-level travel time spent in this place.
 C = Inter-level travel time spent in this place.
 D = Time resting spent in this place.
 E = Time spent auto-exploring this place.
 F = Levels seen in this place.
 G = Mean time per level.
                   A        B        C        D        E       F      G
               +--------+--------+--------+--------+--------+-----+--------+
         Total |  30533 |  28480 |   2053 |   9657 |  11388 |  28 | 1090.5 |
       Dungeon |  13962 |  13019 |    943 |   3888 |   6029 |  14 |  997.3 |
        Temple |     54 |     23 |     31 |      0 |      0 |   1 |   54.0 |
          Lair |   7309 |   6637 |    672 |   2325 |   2600 |   5 | 1461.8 |
     Snake Pit |   6123 |   5768 |    355 |   2097 |   2085 |   4 | 1530.8 |
  Orcish Mines |   1553 |   1503 |     50 |    649 |    572 |   2 |  776.5 |
       Ossuary |    704 |    704 |      0 |    333 |     35 |   1 |  704.0 |
      Gauntlet |    825 |    825 |      0 |    364 |     66 |   1 |  825.0 |
               +--------+--------+--------+--------+--------+-----+--------+

Top non-repeatable levels by time:
  Lair:5: 1873 daAuts
 Snake:2: 1630 daAuts
 Snake:3: 1568 daAuts
    D:11: 1507 daAuts
 Snake:4: 1465 daAuts
 Snake:1: 1458 daAuts
  Lair:3: 1457 daAuts
    D:13: 1442 daAuts
  Lair:2: 1346 daAuts
  Lair:1: 1336 daAuts
  Lair:4: 1295 daAuts
     D:3: 1253 daAuts
    D:14: 1189 daAuts
   Orc:2: 1082 daAuts
     D:5: 1071 daAuts
